 Dungeon Crawl Stone Soup version 0.15-a0-2036-g5428f20 (console) character file.

3870 BoltOfCold the Thaumaturge (level 10, -13/50 HPs)
             Began as a Deep Elf Ice Elementalist on July 13, 2014.
             Was a Believer of Cheibriados.
             Mangled by Liquorice's ghost (25 damage)
             ... on Level 10 of the Dungeon.
             The game lasted 00:40:08 (4816 turns).

BoltOfCold the Thaumaturge (DEIE)                   Turns: 4816, Time: 00:40:08

HP -13/50        AC  9     Str  9      XL: 10   Next:  0%
MP   2/30        EV 11     Int 31      God: Cheibriados [**....]
Gold 375         SH  0     Dex 22      Spells:  5 memorised, 13 levels left

rFire  . . .     SeeInvis .     y - +6 cutlass of Prudence {pain, Noisy rF+}
rCold  + . .     Clarity  +     o - +2 ring mail of the Wheelwright {Dex+3 Int+3}
rNeg   . . .     rCorr    .     (no shield)
rPois  .         rRot     .     l - +0 helmet
rElec  .         Spirit   .     g - +0 cloak
SustAb .         Warding  .     (no gloves)
rMut   .         Stasis   .     (no boots)
Gourm  .                        u - amulet of clarity
MR     +....                    (no ring)
                                q - ring of ice

@: very slightly contaminated, very slow, somewhat resistant to hostile
enchantments, unstealthy
A: no striking features
a: Bend Time, Renounce Religion


You were on level 10 of the Dungeon.
You worshipped Cheibriados.
Cheibriados was pleased with you.
You were not hungry.

You visited 2 branches of the dungeon, and saw 11 of its levels.
You also visited: Ossuary.

You collected 375 gold pieces.

Inventory:

Hand weapons
 x - a +0 scythe
 y - the +6 cutlass of Prudence (weapon) {pain, Noisy rF+}
   (You found it on level 7 of the Dungeon)

   In the hands of one skilled in necromantic magic, it inflicts extra damage on
   living creatures.
   It protects you from fire.
   It may make noises in combat.
 A - a +4 short sword of speed
Missiles
 C - 8 javelins of returning (quivered)
Armour
 a - a +0 robe
 g - a +0 cloak (worn)
 l - a +0 helmet (worn)
 n - a +0 ring mail
 o - the +2 ring mail of the Wheelwright (worn) {Dex+3 Int+3}
   (You found it on level 4 of the Dungeon)

   It affects your intelligence (+3).
   It affects your dexterity (+3).
 r - a steam dragon hide
 H - the cursed -6 scale mail of Usett {Str+1 Dex+1, unknown}
   (You found it on level 5 of the Dungeon)

   It affects your strength (+1).
   It affects your dexterity (+1).
   It has a curse placed upon it.
Magical devices
 F - a wand of teleportation (6)
Comestibles
 d - 3 meat rations
 v - a slice of pizza
 E - 3 beef jerkies
 G - a rotting chunk of rat flesh
 L - 4 bread rations
 M - 2 rotting chunks of centaur flesh
Scrolls
 c - a scroll of immolation
 e - a scroll of amnesia {unknown}
 h - 2 scrolls of recharging
 i - 3 scrolls of random uselessness {unknown}
 m - 3 scrolls of remove curse
 s - 2 scrolls of teleportation {unknown}
 w - 2 scrolls of fear {unknown}
 B - a scroll of enchant armour {unknown}
Jewellery
 q - a ring of ice (left hand)
 u - an amulet of clarity (around neck)
Potions
 j - a potion of haste
 k - 2 potions of restore abilities {unknown}
 t - 5 potions of curing {unknown}
 z - a potion of resistance {unknown}
 K - 2 potions of cure mutation {unknown}
Books
 b - a book of Frost

   Spells                             Type                      Level
   *Freeze                            Ice                          1
   *Throw Frost                       Conjuration/Ice              2
   Ozocubu's Armour                   Charms/Ice                   3
   *Throw Icicle                      Conjuration/Ice              4
   Summon Ice Beast                   Ice/Summoning                4
   Condensation Shield                Ice                          4
 D - a Young Poisoner's Handbook

   Spells                             Type                      Level
   Sting                              Conjuration/Poison           1
   *Cure Poison                       Poison                       2
   Mephitic Cloud                     Conjuration/Poison/Air       3
   Olgreb's Toxic Radiance            Poison                       4
   *Venom Bolt                        Conjuration/Poison           5
Magical staves
 J - an uncursed staff of death
Miscellaneous
 p - a plain deck of changes
 I - a crystal ball of energy


   Skills:
 + Level 5.6 Dodging
 - Level 2.6 Stealth
 - Level 9.0 Spellcasting
 - Level 8.0 Conjurations
 - Level 8.1 Ice Magic
 * Level 7.3 Poison Magic


You had 13 spell levels left.
You knew the following spells:

 Your Spells              Type           Power        Failure   Level  Hunger
a - Freeze                Ice            ####         1%          1    None
b - Throw Frost           Conj/Ice       ######       1%          2    None
c - Throw Icicle          Conj/Ice       #######.     2%          4    None
d - Cure Poison           Pois           ######....   1%          2    None
e - Venom Bolt            Conj/Pois      ######....   12%         5    ###....


Dungeon Overview and Level Annotations

Branches:
Dungeon (10/15)            Temple (1/1) D:5             Orc (0/4) D:10
   Lair: D:8-11

Altars:
Ashenzari
Cheibriados
Kikubaaqudgha
Makhleb
Nemelex Xobeh
Trog

Annotations:
D:4 eMajole's ghost, average MiFi
D:10 Liquorice's ghost, experienced CeBe


Message History

* * * LOW HITPOINT WARNING * * *
There is an open door here.
Casting: Throw Icicle
Confirm with . or Enter, or press ? or * to list all spells.
Aiming: Freeze
Press: ? - help, Shift-Dir - straight line, f/p - yak
Aim: a yak (almost dead)
You feel a surge of power!
You freeze the yak.
You kill the yak!
Cheibriados appreciates the change of pace.
You have reached level 10!
You close the door.
Eat one of 3 chunks of centaur flesh? (ye/n/q/i?) This raw flesh tastes terrible.
You smell something rotten. (slot M)
You continue eating. x2
Liquorice's ghost hits you but does no damage.
Liquorice's ghost hits you!!
Ouch! That really hurt!
You die...

..............# ##.....#
....([........# ......#
.....##......#######.....#
.....######+###...##.....#
###'###...........#<.....#
......#..[........#......#
......+...........#......#
.....(#...........#.....>#
.....##......##.@.#......#
.....##......##W..#......#
.....#.......#....#......#
.[...#.......#....#......#
...$.#.......#....#......#
.....#.......#....'......#
.....+....)..'....#Y.....#
.....##.....###...##.....#
.....##.....###+####Y....#


You could see Liquorice's ghost.

Vanquished Creatures
  A hill giant (D:10)
  A troll (D:10)
  A spriggan (D:9)
  A steam dragon (D:5)
  A yak (D:10)
  An ice beast (D:7)
  2 black bears
  2 phantoms
  2 centaurs
  5 ogres
  2 giant frogs
  Duvessa (D:8)
  3 elf zombies (Ossuary)
  2 scorpions
  5 wights (D:6)
  2 jellies (D:9)
  A centaur zombie (Ossuary)
  5 crimson imps
  A hound (D:9)
  Dowan (D:8)
  Crazy Yiuf (D:4)
  A human zombie (Ossuary)
  An orc priest (D:4)
  A giant frog skeleton (D:10)
  7 orc wizards
  3 iguanas (D:8)
  3 worker ants
  2 big kobold zombies
  3 mummies (Ossuary)
  2 adders
  3 gnolls (D:6)
  2 shadow imps (D:8)
  6 adder zombies
  18 orcs
  2 giant cockroaches
  6 goblins
  7 hobgoblins
  8 jackals (D:7)
  3 bats
  2 giant geckos
  A giant gecko zombie (D:5)
  3 gnoll zombies (Ossuary)
  5 goblin zombies (Ossuary)
  A hobgoblin skeleton (D:6)
  3 hobgoblin zombies (Ossuary)
  A jackal skeleton (D:4)
  2 jackal zombies (Ossuary)
  3 kobolds
  4 kobold zombies (Ossuary)
  2 orc skeletons
  An orc zombie (D:8)
  4 quokkas
  4 quokka zombies (Ossuary)
  6 rats
  5 rat zombies (Ossuary)
166 creatures vanquished.

Vanquished Creatures (others)
  An orc wizard (D:8)
1 creature vanquished.

Grand Total: 167 creatures vanquished

Notes
Turn   | Place    | Note
--------------------------------------------------------------
     0 | D:1      | BoltOfCold, the Deep Elf Ice Elementalist, began the quest for the Orb.
     0 | D:1      | Reached XP level 1. HP: 10/10 MP: 5/5
   223 | D:3      | Reached XP level 2. HP: 13/15 MP: 6/8
   227 | D:3      | Learned a level 2 spell: Throw Frost
   267 | D:4      | Noticed an ogre
   367 | D:4      | Noticed Crazy Yiuf
   374 | D:4      | Killed an ogre
   374 | D:4      | Reached skill level 4 in Conjurations
   374 | D:4      | Reached XP level 3. HP: 17/19 MP: 0/11
   374 | D:4      | Reached XP level 4. HP: 21/24 MP: 0/13
   392 | D:3      | Noticed an ice beast
   455 | D:3      | Learned a level 4 spell: Throw Icicle
   478 | D:4      | Killed Crazy Yiuf
   527 | D:4      | Noticed eMajole's ghost (average MiFi)
   701 | D:4      | Got an encrusted ring mail
   708 | D:4      | Found a sparkling altar of Nemelex Xobeh.
   750 | D:4      | Reached XP level 5. HP: 28/28 MP: 4/18
   955 | D:5      | Entered Level 5 of the Dungeon
   980 | D:5      | Reached skill level 5 in Conjurations
   980 | D:5      | Reached XP level 6. HP: 32/32 MP: 4/20
   993 | D:5      | Found a sand-covered staircase.
  1016 | Ossuary  | Entered an ossuary
  1103 | Ossuary  | Reached skill level 5 in Ice Magic
  1483 | Ossuary  | Identified the +2 ring mail of the Wheelwright {Dex+3 Int+3} (You found it on level 4 of the Dungeon)
  1562 | Ossuary  | Reached skill level 6 in Conjurations
  1662 | Ossuary  | Reached XP level 7. HP: 14/36 MP: 4/21
  2067 | D:5      | Noticed an ogre
  2072 | D:5      | Killed an ogre
  2441 | D:7      | Reached skill level 5 in Spellcasting
  2452 | D:7      | Reached skill level 7 in Conjurations
  2615 | D:7      | Got a crystal cutlass
  2616 | D:7      | Identified the +6 cutlass of Prudence {pain, Noisy rF+} (You found it on level 7 of the Dungeon)
  2748 | D:7      | Reached XP level 8. HP: 22/41 MP: 22/24
  2823 | D:6      | HP: 1/41 [quokka (2)]
  2874 | D:6      | HP: 2/41 [orc wizard/puff of flame (6)]
  2961 | D:5      | Noticed a steam dragon
  3501 | D:5      | Killed a steam dragon
  3524 | D:5      | Reached skill level 8 in Spellcasting
  3549 | D:5      | Got a slimy scale mail
  3586 | D:5      | Found a staircase to the Ecumenical Temple.
  3593 | Temple   | Entered the Ecumenical Temple
  3606 | Temple   | Became a worshipper of Cheibriados the Contemplative
  3867 | D:8      | Noticed Duvessa
  3867 | D:8      | Noticed Dowan
  3871 | D:8      | Killed Dowan
  3876 | D:8      | Killed Duvessa
  3895 | D:8      | Reached skill level 9 in Spellcasting
  3895 | D:8      | Reached XP level 9. HP: 45/45 MP: 2/29
  3997 | D:8      | Learned a level 2 spell: Cure Poison
  4003 | D:8      | Learned a level 5 spell: Venom Bolt
  4045 | D:8      | Reached skill level 1 in Poison Magic
  4474 | D:9      | Reached skill level 5 in Poison Magic
  4572 | D:10     | Entered Level 10 of the Dungeon
  4572 | D:10     | Found a staircase to the Orcish Mines.
  4572 | D:10     | Noticed a hill giant
  4572 | D:10     | Noticed Liquorice's ghost (experienced CeBe)
  4739 | D:10     | Killed a hill giant
  4739 | D:10     | Reached skill level 5 in Dodging
  4806 | D:10     | Reached XP level 10. HP: 11/50 MP: 0/30
  4816 | D:10     | Mangled by Liquorice's ghost

Action                   |  1- 3 |  4- 6 |  7- 9 | 10-12 || total
-------------------------+-------+-------+-------+-------++-------
Melee: Dagger            |    10 |       |       |       ||    10
       Quarterstaff      |       |   118 |    48 |       ||   166
       Cutlass           |       |       |   103 |       ||   103
 Cast: Freeze            |     9 |    15 |    62 |     1 ||    87
       Throw Frost       |     6 |     5 |     7 |       ||    18
       Throw Icicle      |       |    28 |    77 |       ||   105
       Venom Bolt        |       |       |     5 |       ||     5
Invok: Bend Time         |       |       |     1 |       ||     1
Evoke: Wand              |       |       |     3 |       ||     3
  Use: Scroll            |       |     2 |     6 |       ||     8
       Potion            |       |     1 |     1 |       ||     2
 Stab: Sleeping          |     4 |     1 |     4 |       ||     9
       Petrified         |       |     2 |       |       ||     2
       Petrifying        |       |     1 |       |       ||     1
  Eat: Chunk             |       |     1 |    14 |     1 ||    16
       Meat ration       |       |     1 |       |       ||     1
       Bread ration      |       |     1 |       |       ||     1
